Rockets vs Firebirds
Created - December 26, 2024 at 20:39
Goals
|
| Rockets |
1 |
2 |
4 |
7 |
| Firebirds |
1 |
2 |
0 |
3 |
|
Shots
|
| Rockets |
11 |
9 |
20 |
40 |
| Firebirds |
10 |
5 |
11 |
26 |
|
1st period
1. Firebirds , Wade Allison 7 (Pierre-Luc Dubois 12, Eric Robinson 13) at 13:06
2. Rockets , Matias Maccelli 13 (Jacob De La Rose 5) at 19:38
Penalties :
Zach Stepan (Lav) for Hooking (Minor) at 15:22
2nd period
3. Firebirds , Fredrik Olofsson 6 (Charlie McAvoy 5) at 2:20
4. Firebirds , Eric Robinson 7 (Pierre-Luc Dubois 13) at 10:42
5. Rockets , Nick Suzuki 18 (Patrik Laine 8, Eetu Luostarinen 7) at 11:20
6. Rockets , Nick Suzuki 19 (Patrik Laine 9) at 15:42
Penalties :
Moritz Seider (Lav) for Diving (Minor) at 4:33, Zach Stepan (Lav) for Slashing (Minor) at 16:51
3rd period
7. Rockets , Eetu Luostarinen 12 (Cole Caufield 4, Patrik Laine 10) at 1:44 (PP)
8. Rockets , Moritz Seider 4 (Patrik Laine 11) at 12:01 (PP)
9. Rockets , Nicolas Hague 2 (Jacob De La Rose 6, Matias Maccelli 12) at 12:38 (PP)
10. Rockets , Matias Maccelli 14 (Tage Thompson 6) at 19:24
Penalties :
Eric Robinson (Coa) for Roughing (Minor) at 0:43, Thomas Spelling (Coa) for Interference (Minor) at 11:26, Cayden Primeau (Coa) for Slashing (Minor) at 11:47 - Jakub Zboril served the penalty
Goalie Stats
Kaapo Kahkonen (Lav), 23 saves from 26 shots - (0.885), W, 7-5-2, 60:00 minutes
Cayden Primeau (Coa), 33 saves from 40 shots - (0.825), L, 9-10-3, 60:00 minutes
Players Stats for Rockets
Player Name G A P +/- PIM S H SB GA TA FO MP PP MP PK MP
------------------------------------------------------------------------------------
Alex Newhook 0 0 0 -1 0 1 1 0 0 0 0/0 11:25 0:00 0:00
Arber Xhekaj 0 0 0 1 0 0 3 3 0 0 0/0 22:09 0:00 2:21
Cole Caufield 0 1 1 -1 0 4 1 0 0 0 0/1 13:23 1:58 0:00
Eetu Luostarinen 1 1 2 1 0 5 1 2 0 0 1/4 21:52 1:58 3:12
Eric Karlsson 0 0 0 -1 0 1 1 0 1 0 0/0 10:05 0:00 1:06
Hunter Drew 0 0 0 -1 0 0 0 1 0 0 0/0 7:09 0:00 0:00
Jacob Bryson 0 0 0 -1 0 0 0 2 0 0 0/0 12:22 0:00 0:00
Jacob De La Rose 0 2 2 2 0 2 5 3 1 1 9/16 17:46 0:15 3:12
Jayden Struble 0 0 0 -1 0 0 0 0 0 1 0/0 7:09 0:00 0:00
Jeff Corbett 0 0 0 2 0 3 1 2 0 1 0/0 16:07 0:00 3:36
John Marino 0 0 0 -1 0 2 0 1 0 1 0/0 14:54 0:08 2:21
Julien Gauthier 0 0 0 2 0 1 1 2 0 0 0/0 14:34 0:15 0:00
Kirby Dach 0 0 0 -1 0 0 0 0 0 0 0/5 9:22 0:00 0:09
Matias Maccelli 2 1 3 2 0 7 1 0 0 0 0/0 14:34 0:15 0:00
Moritz Seider 1 0 1 2 2 3 0 1 0 0 0/0 14:25 2:05 0:00
Nick Suzuki 2 0 2 1 0 5 0 1 0 0 16/27 20:31 1:58 1:51
Nicolas Hague 1 0 1 1 0 1 2 2 2 2 0/0 23:50 0:08 3:36
Patrik Laine 0 4 4 1 0 4 0 0 0 1 1/1 18:47 2:05 0:00
Tage Thompson 0 1 1 -1 0 1 3 0 2 0 0/0 11:00 0:00 1:39
Zach Stepan 0 0 0 -1 4 0 1 1 0 1 3/4 12:36 0:00 0:45
Players Stats for Firebirds
Player Name G A P +/- PIM S H SB GA TA FO MP PP MP PK MP
------------------------------------------------------------------------------------
Artur Kayumov 0 0 0 0 0 0 0 0 0 0 0/0 0:00 0:00 0:00
Charlie McAvoy 0 1 1 -1 0 1 1 3 0 0 0/0 26:01 3:04 1:59
Dylan Coghlan 0 0 0 0 0 0 1 1 0 0 0/0 18:05 2:53 0:14
Eric Robinson 1 1 2 2 2 4 0 0 2 0 1/1 16:20 2:40 0:00
Fredrik Olofsson 1 0 1 -2 0 1 2 1 0 0 0/0 13:07 0:02 0:00
Hayden Hodgson 0 0 0 -1 0 3 0 1 0 0 1/3 21:42 3:15 1:59
Jacob Middleton 0 0 0 0 0 0 0 1 0 0 0/0 11:16 0:00 0:51
Jacob Olofsson 0 0 0 0 0 0 0 0 0 0 0/0 0:00 0:00 0:00
Jake Evans 0 0 0 -1 0 2 2 1 1 2 18/34 21:56 3:15 2:13
Jakub Zboril 0 0 0 -1 0 2 0 1 0 1 0/0 25:10 3:04 1:08
Jasper Weatherby 0 0 0 -2 0 0 1 0 1 0 1/3 12:55 0:00 0:00
John Ludvig 0 0 0 0 0 1 0 0 0 0 0/0 5:29 0:00 0:00
Jonah Gadjovich 0 0 0 0 0 1 1 0 1 0 0/0 8:48 0:02 0:00
Kyle Capobianco 0 0 0 0 0 0 0 0 0 0 0/0 5:29 0:00 0:00
Maksim Sushko 0 0 0 -2 0 2 0 1 0 1 1/1 12:55 0:00 0:00
Matej Blumel 0 0 0 0 0 1 1 0 0 0 0/0 8:36 0:00 0:00
Matthew Kiersted 0 0 0 0 0 1 0 0 0 0 0/0 10:25 0:00 0:00
Nikita Alexandrov 0 0 0 0 0 0 0 0 0 0 0/0 0:00 0:00 0:00
Parker Kelly 0 0 0 0 0 0 0 0 0 0 0/0 0:00 0:00 0:00
Pierre-Luc Dubois 0 2 2 2 0 0 5 0 0 0 5/11 16:21 2:40 0:00
Sasha Chmelevski 0 0 0 0 0 0 1 0 0 0 1/2 8:36 0:00 0:00
Stelio Mattheos 0 0 0 0 0 0 0 0 0 0 0/0 0:00 0:00 0:00
Thomas Spelling 0 0 0 -1 2 3 4 0 2 2 0/2 19:54 3:17 0:00
Victor Mete 0 0 0 0 0 2 1 0 0 0 0/0 18:05 2:53 0:14
Wade Allison 1 0 1 2 0 2 1 1 1 0 0/1 16:21 2:40 0:00
3 Stars
1 - Matias Maccelli (Lav)
2 - Nick Suzuki (Lav)
3 - Jacob De La Rose (Lav)
Power Play
Rockets - 3 on 3 Attempt(s) - 100.00%
Firebirds - 0 on 3 Attempt(s) - 0.00%
Penalty Kill
Rockets - 3 on 3 Attempt(s) - 100.00%
- Score 0 goal in Penalty Kill
Firebirds - 0 on 3 Attempt(s) - 0.00%
- Score 0 goal in Penalty Kill
Team Stat
Rockets - Hits : 21 - Faceoff Wins : 30 - Blocked Shots : 21 - Penalty Minutes : 6
Firebirds - Hits : 21 - Faceoff Wins : 28 - Blocked Shots : 11 - Penalty Minutes : 6
Official
Referees : Brad Meier and Marc Joannette
Linesman : Brad Kovachik and Devin Berg
Game Notes
No Game Note
Finance
Level 1 -- Attendance: 1778 (88.90%) -- Ticket Income $124,460
Level 2 -- Attendance: 997 (99.70%) -- Ticket Income $39,880
Total Attendance: 2775 (92.50%)
Total Ticket Income: $164,340
Other Income: $8,217
Total Income: $172,557
Rockets
5 vs 5 Forward
Center Left Wing Right Wing Time % Phy DF OF
1 Nick Suzuki Eetu Luostarinen Patrik Laine 35 1 2 2
2 Jacob De La Rose Matias Maccelli Julien Gauthier 30 1 2 2
3 Zach Stepan Alex Newhook Cole Caufield 20 1 2 2
4 Kirby Dach Eric Karlsson Tage Thompson 15 1 2 2
5 vs 5 Defense
Defense Defense Time % Phy DF OF
1 Nicolas Hague Arber Xhekaj 40 1 2 2
2 John Marino Jacob Bryson 25 1 2 2
3 Jeff Corbett Moritz Seider 25 1 2 2
4 Hunter Drew Jayden Struble 10 1 2 2
PowerPlay Forward
Center Left Wing Right Wing Time % Phy DF OF
1 Nick Suzuki Eetu Luostarinen Cole Caufield 60 1 2 2
2 Jacob De La Rose Matias Maccelli Julien Gauthier 40 1 2 2
PowerPlay Defense
Defense Defense Time % Phy DF OF
1 Moritz Seider Patrik Laine 60 1 2 2
2 John Marino Nicolas Hague 40 1 2 2
Penalty Kill 4 Players Forward
Center Wing Time % Phy DF OF
1 Jacob De La Rose Eetu Luostarinen 60 1 2 2
2 Zach Stepan Tage Thompson 40 1 2 2
Penalty Kill 4 Players Defense
Defense Defense Time % Phy DF OF
1 Nicolas Hague Jeff Corbett 60 1 2 2
2 John Marino Arber Xhekaj 40 1 2 2
Penalty Kill - 3 Players Forward
Forward Time % Phy DF OF
1 Jacob De La Rose 60 1 2 2
2 Zach Stepan 40 1 2 2
Penalty Kill - 3 Players Defense
Defense Defense Time % Phy DF OF
1 Nicolas Hague Jeff Corbett 60 1 2 2
2 John Marino Arber Xhekaj 40 1 2 2
4 vs 4 Forward
Center Wing Time % Phy DF OF
1 Jacob De La Rose Eetu Luostarinen 60 1 2 2
2 Nick Suzuki Patrik Laine 40 1 2 2
4 vs 4 Defense
Defense Defense Time % Phy DF OF
1 Nicolas Hague Jeff Corbett 60 1 2 2
2 John Marino Jacob Bryson 40 1 2 2
Last Minutes Offensive
Center Left Wing Right Wing Defense Defense
Nick Suzuki Matias Maccelli Patrik Laine Nicolas Hague Moritz Seider
Last Minutes Defensive
Center Left Wing Right Wing Defense Defense
Jacob De La Rose Eetu Luostarinen Tage Thompson John Marino Jeff Corbett
Goaltenders
Starting : Kaapo Kahkonen
Backup : Pyotr Kochetkov
Extra Forwards
Normal : Zach Stepan, Tage Thompson, Matias Maccelli - PP : Zach Stepan, Tage Thompson - PK : Zach Stepan
Extra Defensemen
Normal : Moritz Seider, Arber Xhekaj, Jayden Struble - PP : Moritz Seider - PK : Moritz Seider, Arber Xhekaj
Penalty Shots
Jacob De La Rose, Patrik Laine, Nick Suzuki, Eetu Luostarinen, Zach Stepan
Custom OT Lines Forwards
Jacob De La Rose, Patrik Laine, Nick Suzuki, Eetu Luostarinen, Zach Stepan, Julien Gauthier, Matias Maccelli, Eric Karlsson, Tage Thompson, Cole Caufield
Custom OT Lines Defensemen
Nicolas Hague, Jeff Corbett, John Marino, Jacob Bryson, Arber Xhekaj
Scratches
Grant Besse (Healthy), Alexander Romanov (Healthy), Garret Pilon (Healthy), Michael Pezzetta (Healthy), Joel Teasdale (Healthy)
Zachary Gallant (Healthy), Ville Heinola (Healthy), Justus Annunen (Healthy), Olle Eriksson Ek (Healthy)
Firebirds
5 vs 5 Forward
Center Left Wing Right Wing Time % Phy DF OF
1 Jake Evans Hayden Hodgson Thomas Spelling 40 1 2 2
2 Pierre-Luc Dubois Eric Robinson Wade Allison 30 1 2 2
3 Jasper Weatherby Fredrik Olofsson Maksim Sushko 20 1 2 2
4 Sasha Chmelevski Jonah Gadjovich Matej Blumel 10 1 2 2
5 vs 5 Defense
Defense Defense Time % Phy DF OF
1 Jakub Zboril Charlie McAvoy 40 1 2 2
2 Victor Mete Dylan Coghlan 30 1 2 2
3 Matthew Kiersted Jacob Middleton 20 1 2 2
4 Kyle Capobianco John Ludvig 10 1 2 2
PowerPlay Forward
Center Left Wing Right Wing Time % Phy DF OF
1 Jake Evans Hayden Hodgson Thomas Spelling 60 1 2 2
2 Pierre-Luc Dubois Eric Robinson Wade Allison 40 1 2 2
PowerPlay Defense
Defense Defense Time % Phy DF OF
1 Jakub Zboril Charlie McAvoy 60 1 2 2
2 Victor Mete Dylan Coghlan 40 1 2 2
Penalty Kill 4 Players Forward
Center Wing Time % Phy DF OF
1 Jake Evans Hayden Hodgson 60 1 2 2
2 Pierre-Luc Dubois Eric Robinson 40 1 2 2
Penalty Kill 4 Players Defense
Defense Defense Time % Phy DF OF
1 Jakub Zboril Charlie McAvoy 60 1 2 2
2 Victor Mete Dylan Coghlan 40 1 2 2
Penalty Kill - 3 Players Forward
Forward Time % Phy DF OF
1 Jake Evans 60 1 2 2
2 Pierre-Luc Dubois 40 1 2 2
Penalty Kill - 3 Players Defense
Defense Defense Time % Phy DF OF
1 Jakub Zboril Charlie McAvoy 60 1 2 2
2 Victor Mete Dylan Coghlan 40 1 2 2
4 vs 4 Forward
Center Wing Time % Phy DF OF
1 Jake Evans Hayden Hodgson 60 1 2 2
2 Pierre-Luc Dubois Eric Robinson 40 1 2 2
4 vs 4 Defense
Defense Defense Time % Phy DF OF
1 Jakub Zboril Charlie McAvoy 60 1 2 2
2 Victor Mete Dylan Coghlan 40 1 2 2
Last Minutes Offensive
Center Left Wing Right Wing Defense Defense
Jake Evans Hayden Hodgson Thomas Spelling Jakub Zboril Charlie McAvoy
Last Minutes Defensive
Center Left Wing Right Wing Defense Defense
Jake Evans Hayden Hodgson Thomas Spelling Jakub Zboril Charlie McAvoy
Goaltenders
Starting : Cayden Primeau
Backup : Jakub Skarek
Extra Forwards
Normal : Eric Robinson, Fredrik Olofsson, Wade Allison - PP : Eric Robinson, Fredrik Olofsson - PK : Eric Robinson
Extra Defensemen
Normal : Jacob Middleton, Kyle Capobianco, John Ludvig - PP : Jacob Middleton - PK : Jacob Middleton, Kyle Capobianco
Penalty Shots
Hayden Hodgson, Thomas Spelling, Jake Evans, Pierre-Luc Dubois, Eric Robinson
Custom OT Lines Forwards
Hayden Hodgson, Thomas Spelling, Jake Evans, Pierre-Luc Dubois, Eric Robinson, Fredrik Olofsson, Wade Allison, Jonah Gadjovich, Jasper Weatherby, Maksim Sushko
Custom OT Lines Defensemen
Jakub Zboril, Charlie McAvoy, Victor Mete, Dylan Coghlan, Matthew Kiersted
Scratches
Valentin Nussbaumer (Healthy), Maxence Guenette (Healthy), Bobby Brink (Healthy), Ian Scott (Healthy)
% Time on Ice - Rockets
Lines # - Real PCT - Wanted PCT - Time Play
Normal Forward
1 - 32% - 35% - 16:45
2 - 28% - 30% - 14:44
3 - 22% - 20% - 11:25
4 - 17% - 15% - 8:56
Normal Defense
1 - 39% - 40% - 20:06
2 - 24% - 25% - 12:25
3 - 23% - 25% - 12:10
4 - 14% - 10% - 7:09
PP Forward
1 - 89% - 60% - 1:58
2 - 11% - 40% - 0:15
PP Defense
1 - 94% - 60% - 2:05
2 - 6% - 40% - 0:08
PK Forward
1 - 72% - 60% - 4:18
2 - 28% - 40% - 1:39
PK Defense
1 - 61% - 60% - 3:36
2 - 39% - 40% - 2:21
PK3 Forward
1 - 0% - 60%
2 - 0% - 40%
PK3 Defense
1 - 0% - 60%
2 - 0% - 40%
44 Forward
1 - 0% - 60%
2 - 0% - 40%
44 Defense
1 - 0% - 60%
2 - 0% - 40%
Last Minute Offensive - 0:00
Last Minute Defensive - 0:00
Total
Forward - 60:00
Defense - 60:00
|
% Time on Ice - Firebirds
Lines # - Real PCT - Wanted PCT - Time Play
Normal Forward
1 - 32% - 40% - 16:38
2 - 26% - 30% - 13:41
3 - 25% - 20% - 12:55
4 - 17% - 10% - 8:36
Normal Defense
1 - 40% - 40% - 20:58
2 - 29% - 30% - 14:58
3 - 20% - 20% - 10:25
4 - 11% - 10% - 5:29
PP Forward
1 - 55% - 60% - 3:17
2 - 45% - 40% - 2:40
PP Defense
1 - 52% - 60% - 3:04
2 - 48% - 40% - 2:53
PK Forward
1 - 100% - 60% - 1:59
2 - 0% - 40% - 0:00
PK Defense
1 - 88% - 60% - 1:45
2 - 12% - 40% - 0:14
PK3 Forward
1 - 100% - 60% - 0:14
2 - 0% - 40% - 0:00
PK3 Defense
1 - 100% - 60% - 0:14
2 - 0% - 40% - 0:00
44 Forward
1 - 0% - 60%
2 - 0% - 40%
44 Defense
1 - 0% - 60%
2 - 0% - 40%
Last Minute Offensive - 0:00
Last Minute Defensive - 0:00
Total
Forward - 60:00
Defense - 60:00
|
Play-by-Play
1st period
0:01 of 1st period - Jake Evans wins face-off versus Nick Suzuki in neutral zone.
0:28 of 1st period - Wrist shot by Eric Robinson.
0:28 of 1st period - Stopped by Kaapo Kahkonen with a rebound.
0:36 of 1st period - Snap shot by Wade Allison.
0:36 of 1st period - Shot Blocked by Arber Xhekaj.
1:31 of 1st period - Hayden Hodgson is hit by Jacob De La Rose and loses puck.
2:05 of 1st period - Snap shot by Moritz Seider.
2:05 of 1st period - Shot Blocked by Maksim Sushko.
2:07 of 1st period - Wrist shot by Zach Stepan.
2:07 of 1st period - Shot Misses the Net.
2:28 of 1st period - Off-side.
2:29 of 1st period - Jake Evans wins face-off versus Kirby Dach in neutral zone.
2:38 of 1st period - Jakub Zboril is hit by Eric Karlsson and loses puck.
3:23 of 1st period - Wrist shot by Matej Blumel.
3:23 of 1st period - Shot Blocked by Julien Gauthier.
3:25 of 1st period - Slapshot by Charlie McAvoy.
3:25 of 1st period - Shot Blocked by Jacob De La Rose.
3:27 of 1st period - Slapshot by Charlie McAvoy.
3:27 of 1st period - Stopped by Kaapo Kahkonen without a rebound.
3:28 of 1st period - Jake Evans wins face-off versus Cole Caufield in Rockets zone.
3:35 of 1st period - Snap shot by Thomas Spelling.
3:35 of 1st period - Stopped by Kaapo Kahkonen without a rebound.
3:36 of 1st period - Zach Stepan wins face-off versus Jake Evans in Rockets zone.
3:43 of 1st period - Snap shot by Cole Caufield.
3:43 of 1st period - Stopped by Cayden Primeau with a rebound.
4:05 of 1st period - Slapshot by Matias Maccelli.
4:05 of 1st period - Stopped by Cayden Primeau with a rebound.
5:45 of 1st period - Slapshot by Maksim Sushko.
5:45 of 1st period - Stopped by Kaapo Kahkonen with a rebound.
5:47 of 1st period - Slapshot by Matthew Kiersted.
5:47 of 1st period - Stopped by Kaapo Kahkonen with a rebound.
5:49 of 1st period - Wrist shot by Jasper Weatherby.
5:49 of 1st period - Shot Blocked by Jacob Bryson.
5:53 of 1st period - Wrist shot by Fredrik Olofsson.
5:53 of 1st period - Deflect By Maksim Sushko.
5:53 of 1st period - Stopped by Kaapo Kahkonen without a rebound.
5:54 of 1st period - Jake Evans wins face-off versus Nick Suzuki in Rockets zone.
6:28 of 1st period - Snap shot by Eric Robinson.
6:28 of 1st period - Shot Blocked by Jeff Corbett.
7:02 of 1st period - Wrist shot by Patrik Laine.
7:02 of 1st period - Shot Misses the Net.
7:04 of 1st period - Slapshot by Jeff Corbett.
7:04 of 1st period - Stopped by Cayden Primeau with a rebound.
7:25 of 1st period - Off-side.
7:26 of 1st period - Sasha Chmelevski wins face-off versus Kirby Dach in neutral zone.
8:00 of 1st period - Wrist shot by Patrik Laine.
8:00 of 1st period - Stopped by Cayden Primeau with a rebound.
8:02 of 1st period - Backhand shot by Eetu Luostarinen.
8:02 of 1st period - Stopped by Cayden Primeau with a rebound.
8:14 of 1st period - John Marino is hit by Pierre-Luc Dubois.
8:58 of 1st period - Slapshot by Jakub Zboril.
8:58 of 1st period - Shot Misses the Net.
9:19 of 1st period - Wrist shot by Tage Thompson.
9:19 of 1st period - Stopped by Cayden Primeau with a rebound.
9:31 of 1st period - Slapshot by Jacob Bryson.
9:31 of 1st period - Shot Blocked by Charlie McAvoy.
9:33 of 1st period - Wrist shot by John Marino.
9:33 of 1st period - Shot Misses the Net.
9:35 of 1st period - Wrist shot by Tage Thompson.
9:35 of 1st period - Shot Blocked by Jake Evans.
9:37 of 1st period - Wrist shot by Tage Thompson.
9:37 of 1st period - Deflect By Kirby Dach.
9:37 of 1st period - Shot Blocked by Hayden Hodgson.
9:37 of 1st period - Puck is out of play.
9:38 of 1st period - Nick Suzuki wins face-off versus Pierre-Luc Dubois in Firebirds zone.
9:52 of 1st period - Slapshot by Eric Robinson.
9:52 of 1st period - Stopped by Kaapo Kahkonen without a rebound.
9:53 of 1st period - Jacob De La Rose wins face-off versus Thomas Spelling in Rockets zone.
10:12 of 1st period - Hayden Hodgson is hit by Jacob De La Rose.
10:48 of 1st period - Snap shot by Zach Stepan.
10:48 of 1st period - Shot Misses the Net.
10:50 of 1st period - Slapshot by Moritz Seider.
10:50 of 1st period - Shot Blocked by Fredrik Olofsson.
10:52 of 1st period - Wrist shot by Moritz Seider.
10:52 of 1st period - Stopped by Cayden Primeau with a rebound.
10:59 of 1st period - Icing by Jakub Zboril.
11:00 of 1st period - Maksim Sushko wins face-off versus Kirby Dach in Firebirds zone.
11:00 of 1st period - Maksim Sushko is hit by Tage Thompson.
11:40 of 1st period - Wrist shot by Nick Suzuki.
11:40 of 1st period - Shot Misses the Net.
13:06 of 1st period - Wrist shot by Wade Allison.
13:06 of 1st period - Goal by Wade Allison - Rockets : 0 - Firebirds : 1.
13:07 of 1st period - Nick Suzuki wins face-off versus Jake Evans in neutral zone.
13:16 of 1st period - Wrist shot by Nick Suzuki.
13:16 of 1st period - Shot Blocked by Charlie McAvoy.
13:42 of 1st period - Wrist shot by Wade Allison.
13:42 of 1st period - Stopped by Kaapo Kahkonen without a rebound.
13:43 of 1st period - Jacob De La Rose wins face-off versus Jake Evans in Rockets zone.
13:48 of 1st period - Wrist shot by Jake Evans.
13:48 of 1st period - Shot Blocked by Jacob De La Rose.
13:50 of 1st period - Snap shot by Thomas Spelling.
13:50 of 1st period - Shot Blocked by Jacob De La Rose.
13:52 of 1st period - Snap shot by Hayden Hodgson.
13:52 of 1st period - Shot Blocked by Julien Gauthier.
13:54 of 1st period - Wrist shot by Jake Evans.
13:54 of 1st period - Shot Misses the Net.
13:56 of 1st period - Snap shot by Thomas Spelling.
13:56 of 1st period - Shot Blocked by Jacob Bryson.
13:58 of 1st period - Slapshot by Hayden Hodgson.
13:58 of 1st period - Shot Misses the Net.
14:08 of 1st period - Jacob Bryson is hit by Fredrik Olofsson.
14:54 of 1st period - Snap shot by Cole Caufield.
14:54 of 1st period - Shot Misses the Net.
14:56 of 1st period - Slapshot by Jeff Corbett.
14:56 of 1st period - Deflect By Charlie McAvoy.
14:56 of 1st period - Stopped by Cayden Primeau without a rebound.
14:57 of 1st period - Jake Evans wins face-off versus Zach Stepan in Firebirds zone.
14:57 of 1st period - Jake Evans is hit by Nicolas Hague.
15:22 of 1st period - Minor Penalty to Zach Stepan for Hooking.
15:23 of 1st period - Jake Evans wins face-off versus Jacob De La Rose in Rockets zone.
17:22 of 1st period - Penalty to Zach Stepan is over, Zach Stepan is back on ice.
17:26 of 1st period - Zach Stepan is hit by Thomas Spelling and loses puck.
17:39 of 1st period - Slapshot by Jeff Corbett.
17:39 of 1st period - Stopped by Cayden Primeau without a rebound.
17:40 of 1st period - Zach Stepan wins face-off versus Jasper Weatherby in Firebirds zone.
18:05 of 1st period - Matthew Kiersted is hit by Jacob De La Rose and loses puck.
18:31 of 1st period - Jacob Bryson is hit by Pierre-Luc Dubois.
18:51 of 1st period - Kyle Capobianco is hit by Alex Newhook and loses puck.
19:18 of 1st period - Snap shot by Hayden Hodgson.
19:18 of 1st period - Stopped by Kaapo Kahkonen without a rebound.
19:19 of 1st period - Nick Suzuki wins face-off versus Pierre-Luc Dubois in Rockets zone.
19:34 of 1st period - Snap shot by Nick Suzuki.
19:34 of 1st period - Shot Blocked by Dylan Coghlan.
19:36 of 1st period - Slapshot by Eetu Luostarinen.
19:36 of 1st period - Stopped by Cayden Primeau without a rebound.
19:37 of 1st period - Jacob De La Rose wins face-off versus Jake Evans in Firebirds zone.
19:38 of 1st period - Wrist shot by Matias Maccelli.
19:38 of 1st period - Goal by Matias Maccelli - Rockets : 1 - Firebirds : 1.
19:39 of 1st period - Jake Evans wins face-off versus Eetu Luostarinen in neutral zone.
Goals for this period are 1 for Rockets vs 1 for Firebirds.
Shots for this period are 11 for Rockets vs 10 for Firebirds.
2nd period
0:01 of 2nd period - Patrik Laine wins face-off versus Jake Evans in neutral zone.
0:35 of 2nd period - Wrist shot by Fredrik Olofsson.
0:35 of 2nd period - Deflect By Jasper Weatherby.
0:35 of 2nd period - Shot Misses the Net.
0:35 of 2nd period - Puck is out of play.
0:36 of 2nd period - Jake Evans wins face-off versus Jacob De La Rose in Rockets zone.
0:39 of 2nd period - Slapshot by Hayden Hodgson.
0:39 of 2nd period - Stopped by Kaapo Kahkonen with a rebound.
0:41 of 2nd period - Snap shot by Jake Evans.
0:41 of 2nd period - Shot Hit the Post.
0:43 of 2nd period - Slapshot by Dylan Coghlan.
0:43 of 2nd period - Shot Misses the Net.
0:45 of 2nd period - Wrist shot by Jake Evans.
0:45 of 2nd period - Stopped by Kaapo Kahkonen without a rebound.
0:46 of 2nd period - Jacob De La Rose wins face-off versus Jake Evans in Rockets zone.
0:51 of 2nd period - Thomas Spelling is hit by Jacob De La Rose and loses puck.
1:14 of 2nd period - Nicolas Hague is hit by Thomas Spelling and loses puck.
1:41 of 2nd period - Slapshot by Hayden Hodgson.
1:41 of 2nd period - Shot Blocked by Arber Xhekaj.
1:43 of 2nd period - Slapshot by Victor Mete.
1:43 of 2nd period - Deflect By Jake Evans.
1:43 of 2nd period - Shot Misses the Net.
1:43 of 2nd period - Puck is out of play.
1:44 of 2nd period - Pierre-Luc Dubois wins face-off versus Nick Suzuki in Rockets zone.
1:47 of 2nd period - Wrist shot by Wade Allison.
1:47 of 2nd period - Shot Misses the Net.
2:18 of 2nd period - Snap shot by Fredrik Olofsson.
2:18 of 2nd period - Shot Blocked by John Marino.
2:20 of 2nd period - Slapshot by Fredrik Olofsson.
2:20 of 2nd period - Goal by Fredrik Olofsson - Rockets : 1 - Firebirds : 2.
2:21 of 2nd period - Nick Suzuki wins face-off versus Wade Allison in neutral zone.
3:32 of 2nd period - Matthew Kiersted is hit by Nicolas Hague and loses puck.
4:15 of 2nd period - Dylan Coghlan is hit by Jacob De La Rose and loses puck.
4:24 of 2nd period - Slapshot by Matias Maccelli.
4:24 of 2nd period - Stopped by Cayden Primeau without a rebound.
4:25 of 2nd period - Zach Stepan wins face-off versus Pierre-Luc Dubois in Firebirds zone.
4:33 of 2nd period - Minor Penalty to Moritz Seider for Diving.
4:34 of 2nd period - Jacob De La Rose wins face-off versus Jake Evans in Rockets zone.
6:33 of 2nd period - Penalty to Moritz Seider is over, Moritz Seider is back on ice.
6:49 of 2nd period - Slapshot by Eetu Luostarinen.
6:49 of 2nd period - Stopped by Cayden Primeau with a rebound.
7:24 of 2nd period - Sasha Chmelevski is hit by Tage Thompson and loses puck.
9:22 of 2nd period - Eric Karlsson is hit by Jake Evans and loses puck.
9:41 of 2nd period - Jasper Weatherby is hit by Jeff Corbett and loses puck.
9:59 of 2nd period - Jacob Middleton is hit by Matias Maccelli and loses puck.
10:10 of 2nd period - Jonah Gadjovich is hit by Arber Xhekaj and loses puck.
10:37 of 2nd period - Jeff Corbett is hit by Pierre-Luc Dubois and loses puck.
10:42 of 2nd period - Snap shot by Eric Robinson.
10:42 of 2nd period - Goal by Eric Robinson - Rockets : 1 - Firebirds : 3.
10:43 of 2nd period - Nick Suzuki wins face-off versus Hayden Hodgson in neutral zone.
11:18 of 2nd period - Wrist shot by Nick Suzuki.
11:18 of 2nd period - Stopped by Cayden Primeau with a rebound.
11:20 of 2nd period - Snap shot by Nick Suzuki.
11:20 of 2nd period - Goal by Nick Suzuki - Rockets : 2 - Firebirds : 3.
11:21 of 2nd period - Jake Evans wins face-off versus Jacob De La Rose in neutral zone.
12:59 of 2nd period - Off-side.
13:00 of 2nd period - Nick Suzuki wins face-off versus Thomas Spelling in neutral zone.
13:03 of 2nd period - Hayden Hodgson is hit by Arber Xhekaj and loses puck.
14:18 of 2nd period - Snap shot by Eric Karlsson.
14:18 of 2nd period - Stopped by Cayden Primeau without a rebound.
14:19 of 2nd period - Nick Suzuki wins face-off versus Jake Evans in Firebirds zone.
14:30 of 2nd period - Snap shot by Nick Suzuki.
14:30 of 2nd period - Shot Misses the Net.
15:16 of 2nd period - Slapshot by Nick Suzuki.
15:16 of 2nd period - Shot Blocked by Jacob Middleton.
15:40 of 2nd period - Wrist shot by Nick Suzuki.
15:40 of 2nd period - Stopped by Cayden Primeau with a rebound.
15:42 of 2nd period - Snap shot by Nick Suzuki.
15:42 of 2nd period - Goal by Nick Suzuki - Rockets : 3 - Firebirds : 3.
15:43 of 2nd period - Jake Evans wins face-off versus Jacob De La Rose in neutral zone.
15:49 of 2nd period - Snap shot by Matias Maccelli.
15:49 of 2nd period - Stopped by Cayden Primeau without a rebound.
15:50 of 2nd period - Jake Evans wins face-off versus Jacob De La Rose in Firebirds zone.
15:57 of 2nd period - Slapshot by Thomas Spelling.
15:57 of 2nd period - Shot Blocked by Nicolas Hague.
16:03 of 2nd period - Wrist shot by Jacob De La Rose.
16:03 of 2nd period - Stopped by Cayden Primeau with a rebound.
16:19 of 2nd period - Wrist shot by Eric Robinson.
16:19 of 2nd period - Shot Misses the Net.
16:51 of 2nd period - Minor Penalty to Zach Stepan for Slashing.
16:52 of 2nd period - Eetu Luostarinen wins face-off versus Jake Evans in Rockets zone.
17:20 of 2nd period - Snap shot by Jake Evans.
17:20 of 2nd period - Shot Misses the Net.
17:22 of 2nd period - Slapshot by Charlie McAvoy.
17:22 of 2nd period - Shot Blocked by Eetu Luostarinen.
17:24 of 2nd period - Wrist shot by Jake Evans.
17:24 of 2nd period - Deflect By Jeff Corbett.
17:24 of 2nd period - Shot Blocked by Jeff Corbett.
17:24 of 2nd period - Puck is out of play.
17:25 of 2nd period - Pierre-Luc Dubois wins face-off versus Eetu Luostarinen in Rockets zone.
18:51 of 2nd period - Penalty to Zach Stepan is over, Zach Stepan is back on ice.
19:01 of 2nd period - Snap shot by Zach Stepan.
19:01 of 2nd period - Shot Misses the Net.
19:07 of 2nd period - Alex Newhook is hit by Jasper Weatherby and loses puck.
19:24 of 2nd period - Snap shot by Jonah Gadjovich.
19:24 of 2nd period - Stopped by Kaapo Kahkonen with a rebound.
19:26 of 2nd period - Wrist shot by Sasha Chmelevski.
19:26 of 2nd period - Shot Misses the Net.
19:28 of 2nd period - Wrist shot by Jonah Gadjovich.
19:28 of 2nd period - Shot Blocked by Hunter Drew.
19:42 of 2nd period - Slapshot by Kirby Dach.
19:42 of 2nd period - Deflect By Eric Karlsson.
19:42 of 2nd period - Shot Blocked by Wade Allison.
19:42 of 2nd period - Puck is out of play.
19:43 of 2nd period - Pierre-Luc Dubois wins face-off versus Kirby Dach in Firebirds zone.
Goals for this period are 2 for Rockets vs 2 for Firebirds.
Shots for this period are 9 for Rockets vs 5 for Firebirds.
3rd period
0:01 of 3rd period - Nick Suzuki wins face-off versus Jake Evans in neutral zone.
0:33 of 3rd period - Wrist shot by Matias Maccelli.
0:33 of 3rd period - Stopped by Cayden Primeau with a rebound.
0:35 of 3rd period - Wrist shot by Jacob De La Rose.
0:35 of 3rd period - Shot Misses the Net.
0:37 of 3rd period - Wrist shot by Julien Gauthier.
0:37 of 3rd period - Stopped by Cayden Primeau with a rebound.
0:43 of 3rd period - Minor Penalty to Eric Robinson for Roughing.
0:44 of 3rd period - Jake Evans wins face-off versus Nick Suzuki in Firebirds zone.
0:57 of 3rd period - Slapshot by Patrik Laine.
0:57 of 3rd period - Deflect By Nick Suzuki.
0:57 of 3rd period - Shot Misses the Net.
0:57 of 3rd period - Puck is out of play.
0:58 of 3rd period - Jake Evans wins face-off versus Nick Suzuki in Firebirds zone.
1:04 of 3rd period - Icing by Nick Suzuki.
1:05 of 3rd period - Hayden Hodgson wins face-off versus Nick Suzuki in Rockets zone.
1:08 of 3rd period - Snap shot by Jake Evans.
1:08 of 3rd period - Deflect By Hayden Hodgson.
1:08 of 3rd period - Shot Misses the Net.
1:08 of 3rd period - Puck is out of play.
1:09 of 3rd period - Jake Evans wins face-off versus Eetu Luostarinen in Rockets zone.
1:10 of 3rd period - Slapshot by Charlie McAvoy.
1:10 of 3rd period - Shot Blocked by Moritz Seider.
1:40 of 3rd period - Snap shot by Patrik Laine.
1:40 of 3rd period - Stopped by Cayden Primeau with a rebound.
1:42 of 3rd period - Wrist shot by Cole Caufield.
1:42 of 3rd period - Stopped by Cayden Primeau with a rebound.
1:44 of 3rd period - Snap shot by Eetu Luostarinen.
1:44 of 3rd period - Goal by Eetu Luostarinen - Rockets : 4 - Firebirds : 3.
1:45 of 3rd period - Jacob De La Rose wins face-off versus Pierre-Luc Dubois in neutral zone.
2:10 of 3rd period - Patrik Laine is hit by Thomas Spelling.
2:36 of 3rd period - Slapshot by Victor Mete.
2:36 of 3rd period - Stopped by Kaapo Kahkonen without a rebound.
2:37 of 3rd period - Nick Suzuki wins face-off versus Pierre-Luc Dubois in Rockets zone.
2:37 of 3rd period - Nick Suzuki is hit by Pierre-Luc Dubois.
2:51 of 3rd period - Snap shot by Pierre-Luc Dubois.
2:51 of 3rd period - Shot Misses the Net.
3:03 of 3rd period - Nicolas Hague is hit by Fredrik Olofsson and loses puck.
3:12 of 3rd period - Snap shot by Patrik Laine.
3:12 of 3rd period - Stopped by Cayden Primeau with a rebound.
3:14 of 3rd period - Snap shot by John Marino.
3:14 of 3rd period - Stopped by Cayden Primeau with a rebound.
3:16 of 3rd period - Snap shot by Nick Suzuki.
3:16 of 3rd period - Shot Misses the Net.
3:18 of 3rd period - Slapshot by John Marino.
3:18 of 3rd period - Stopped by Cayden Primeau without a rebound.
3:19 of 3rd period - Jacob De La Rose wins face-off versus Jake Evans in Firebirds zone.
3:32 of 3rd period - Snap shot by Julien Gauthier.
3:32 of 3rd period - Shot Misses the Net.
3:50 of 3rd period - Snap shot by Victor Mete.
3:50 of 3rd period - Stopped by Kaapo Kahkonen without a rebound.
3:51 of 3rd period - Jacob De La Rose wins face-off versus Pierre-Luc Dubois in Rockets zone.
3:51 of 3rd period - Jacob De La Rose is hit by Pierre-Luc Dubois.
3:58 of 3rd period - Off-side.
3:59 of 3rd period - Pierre-Luc Dubois wins face-off versus Jacob De La Rose in neutral zone.
4:02 of 3rd period - Snap shot by Eric Robinson.
4:02 of 3rd period - Stopped by Kaapo Kahkonen without a rebound.
4:03 of 3rd period - Nick Suzuki wins face-off versus Jake Evans in Rockets zone.
4:08 of 3rd period - Wrist shot by Jake Evans.
4:08 of 3rd period - Shot Misses the Net.
4:10 of 3rd period - Snap shot by Thomas Spelling.
4:10 of 3rd period - Stopped by Kaapo Kahkonen with a rebound.
4:12 of 3rd period - Slapshot by Jakub Zboril.
4:12 of 3rd period - Stopped by Kaapo Kahkonen with a rebound.
4:14 of 3rd period - Backhand shot by Thomas Spelling.
4:14 of 3rd period - Deflect By Jake Evans.
4:14 of 3rd period - Deflect By Nick Suzuki.
4:14 of 3rd period - Shot Blocked by Arber Xhekaj.
4:14 of 3rd period - Puck is out of play.
4:15 of 3rd period - Jake Evans wins face-off versus Nick Suzuki in Rockets zone.
4:18 of 3rd period - Slapshot by Jake Evans.
4:18 of 3rd period - Stopped by Kaapo Kahkonen without a rebound.
4:19 of 3rd period - Jake Evans wins face-off versus Nick Suzuki in Rockets zone.
4:20 of 3rd period - Wrist shot by Hayden Hodgson.
4:20 of 3rd period - Stopped by Kaapo Kahkonen without a rebound.
4:21 of 3rd period - Nick Suzuki wins face-off versus Jake Evans in Rockets zone.
4:50 of 3rd period - Wrist shot by Fredrik Olofsson.
4:50 of 3rd period - Deflect By Jasper Weatherby.
4:50 of 3rd period - Deflect By Julien Gauthier.
4:50 of 3rd period - Shot Hit the Post.
4:50 of 3rd period - Puck is out of play.
4:51 of 3rd period - Jacob De La Rose wins face-off versus Jasper Weatherby in Rockets zone.
5:41 of 3rd period - Snap shot by Eric Robinson.
5:41 of 3rd period - Shot Blocked by Zach Stepan.
6:38 of 3rd period - Eetu Luostarinen is hit by Victor Mete and loses puck.
7:01 of 3rd period - Snap shot by Zach Stepan.
7:01 of 3rd period - Shot Misses the Net.
7:03 of 3rd period - Wrist shot by Cole Caufield.
7:03 of 3rd period - Stopped by Cayden Primeau with a rebound.
7:05 of 3rd period - Slapshot by Nicolas Hague.
7:05 of 3rd period - Shot Misses the Net.
7:07 of 3rd period - Wrist shot by Alex Newhook.
7:07 of 3rd period - Stopped by Cayden Primeau with a rebound.
7:58 of 3rd period - Jeff Corbett is hit by Wade Allison and loses puck.
8:13 of 3rd period - Alex Newhook is hit by Dylan Coghlan and loses puck.
9:29 of 3rd period - Julien Gauthier is hit by Sasha Chmelevski.
9:47 of 3rd period - Fredrik Olofsson is hit by Zach Stepan and loses puck.
10:30 of 3rd period - John Marino is hit by Jonah Gadjovich and loses puck.
11:24 of 3rd period - Slapshot by Eetu Luostarinen.
11:24 of 3rd period - Shot Misses the Net.
11:26 of 3rd period - Minor Penalty to Thomas Spelling for Interference.
11:27 of 3rd period - Nick Suzuki wins face-off versus Jake Evans in Firebirds zone.
11:30 of 3rd period - Snap shot by Nick Suzuki.
11:30 of 3rd period - Deflect By Cole Caufield.
11:30 of 3rd period - Stopped by Cayden Primeau without a rebound.
11:31 of 3rd period - Nick Suzuki wins face-off versus Jake Evans in Firebirds zone.
11:41 of 3rd period - Wrist shot by Eetu Luostarinen.
11:41 of 3rd period - Shot Misses the Net.
11:43 of 3rd period - Slapshot by Patrik Laine.
11:43 of 3rd period - Shot Blocked by Charlie McAvoy.
11:45 of 3rd period - Slapshot by Patrik Laine.
11:45 of 3rd period - Shot Blocked by Jakub Zboril.
11:47 of 3rd period - Snap shot by Cole Caufield.
11:47 of 3rd period - Deflect By Eetu Luostarinen.
11:47 of 3rd period - Stopped by Cayden Primeau without a rebound.
11:47 of 3rd period - Minor Penalty to Cayden Primeau for Slashing.
11:48 of 3rd period - Nick Suzuki wins face-off versus Jake Evans in Firebirds zone.
12:01 of 3rd period - Slapshot by Moritz Seider.
12:01 of 3rd period - Deflect By Charlie McAvoy.
12:01 of 3rd period - Goal by Moritz Seider - Rockets : 5 - Firebirds : 3.
12:02 of 3rd period - Jake Evans wins face-off versus Nick Suzuki in neutral zone.
12:11 of 3rd period - Slapshot by Jake Evans.
12:11 of 3rd period - Shot Blocked by Nick Suzuki.
12:29 of 3rd period - Jacob Middleton is hit by Julien Gauthier and loses puck.
12:36 of 3rd period - Snap shot by Jacob De La Rose.
12:36 of 3rd period - Stopped by Cayden Primeau with a rebound.
12:38 of 3rd period - Slapshot by Nicolas Hague.
12:38 of 3rd period - Goal by Nicolas Hague - Rockets : 6 - Firebirds : 3.
12:39 of 3rd period - Pierre-Luc Dubois wins face-off versus Nick Suzuki in neutral zone.
13:05 of 3rd period - Wade Allison is hit by Cole Caufield and loses puck.
14:10 of 3rd period - Snap shot by Patrik Laine.
14:10 of 3rd period - Stopped by Cayden Primeau without a rebound.
14:11 of 3rd period - Nick Suzuki wins face-off versus Sasha Chmelevski in Firebirds zone.
14:22 of 3rd period - Snap shot by Nick Suzuki.
14:22 of 3rd period - Stopped by Cayden Primeau with a rebound.
15:16 of 3rd period - Off-side.
15:17 of 3rd period - Jasper Weatherby wins face-off versus Kirby Dach in neutral zone.
15:47 of 3rd period - Wrist shot by Thomas Spelling.
15:47 of 3rd period - Shot Misses the Net.
15:49 of 3rd period - Slapshot by Jakub Zboril.
15:49 of 3rd period - Shot Blocked by Eetu Luostarinen.
15:51 of 3rd period - Slapshot by Charlie McAvoy.
15:51 of 3rd period - Shot Blocked by Nicolas Hague.
15:53 of 3rd period - Snap shot by Thomas Spelling.
15:53 of 3rd period - Stopped by Kaapo Kahkonen with a rebound.
15:55 of 3rd period - Wrist shot by Jake Evans.
15:55 of 3rd period - Shot Misses the Net.
16:05 of 3rd period - John Ludvig is hit by Arber Xhekaj and loses puck.
16:10 of 3rd period - Snap shot by Matias Maccelli.
16:10 of 3rd period - Shot Misses the Net.
16:33 of 3rd period - Wrist shot by Matej Blumel.
16:33 of 3rd period - Stopped by Kaapo Kahkonen without a rebound.
16:34 of 3rd period - Nick Suzuki wins face-off versus Hayden Hodgson in Rockets zone.
16:34 of 3rd period - Nick Suzuki is hit by Thomas Spelling.
16:50 of 3rd period - Nick Suzuki is hit by Jake Evans and loses puck.
17:29 of 3rd period - Jacob De La Rose is hit by Charlie McAvoy and loses puck.
17:38 of 3rd period - Slapshot by Matias Maccelli.
17:38 of 3rd period - Stopped by Cayden Primeau with a rebound.
17:58 of 3rd period - Slapshot by Moritz Seider.
17:58 of 3rd period - Stopped by Cayden Primeau with a rebound.
18:00 of 3rd period - Slapshot by Zach Stepan.
18:00 of 3rd period - Shot Misses the Net.
18:02 of 3rd period - Snap shot by Alex Newhook.
18:02 of 3rd period - Shot Misses the Net.
18:32 of 3rd period - Hayden Hodgson is hit by Tage Thompson and loses puck.
18:51 of 3rd period - Cole Caufield is hit by Matej Blumel and loses puck.
18:56 of 3rd period - Snap shot by Sasha Chmelevski.
18:56 of 3rd period - Shot Misses the Net.
18:58 of 3rd period - Slapshot by John Ludvig.
18:58 of 3rd period - Shot Misses the Net.
19:00 of 3rd period - Slapshot by John Ludvig.
19:00 of 3rd period - Stopped by Kaapo Kahkonen with a rebound.
19:24 of 3rd period - Snap shot by Matias Maccelli.
19:24 of 3rd period - Goal by Matias Maccelli - Rockets : 7 - Firebirds : 3.
19:25 of 3rd period - Jake Evans wins face-off versus Nick Suzuki in neutral zone.
19:34 of 3rd period - Thomas Spelling is hit by Eetu Luostarinen and loses puck.
19:57 of 3rd period - Slapshot by Jakub Zboril.
19:57 of 3rd period - Stopped by Kaapo Kahkonen without a rebound.
19:58 of 3rd period - Eric Robinson wins face-off versus Jacob De La Rose in Rockets zone.
Goals for this period are 4 for Rockets vs 0 for Firebirds.
Shots for this period are 20 for Rockets vs 11 for Firebirds.